 Dungeon Crawl Stone Soup version 0.25-a0-589-g1e14c549ee (webtiles) character file.

Game seed: 17121922856633523764, levelgen mode: deterministic

13449 Kohma the Geomancer (level 12, -7/77 HPs)
             Began as a Gargoyle Earth Elementalist on Mar 12, 2020.
             Was a Believer of Ashenzari.
             Shot with a bolt by an orc knight (21 damage)
             ... on level 11 of the Dungeon.
             The game lasted 00:43:47 (12471 turns).

Kohma the Geomancer (Gargoyle Earth Elementalist)  Turns: 12471, Time: 00:43:47

Health: -7/77      AC: 17    Str: 12    XL:     12   Next: 6%
Magic:  3/22       EV: 12    Int: 21    God:    Ashenzari [**....]
Gold:   1545       SH:  0    Dex: 16    Spells: 7/25 levels left

rFire    . . .     SeeInvis .   K - +5 trident of Rapeama {vorpal, +Blink rElec Dex+6} (curse)
rCold    . . .     Gourm    .   (no shield)
rNeg     + . .     Faith    .   G - +1 troll leather armour
rPois    ∞         Spirit   .   s - +0 hat {MR+}
rElec    +         Reflect  .   B - +1 cloak
rCorr    .         Harm     .   v - +0 pair of gloves
MR       +....                  J - +0 pair of boots
Stlth    ++........             F - amulet of magic regeneration
HPRegen  0.62/turn              D - ring of flight
MPRegen  0.43/turn              (no ring)

@: very slightly contaminated, slowed, very slow
A: negative energy resistance 1, electricity resistance, unbreathing,
petrification resistance, rot immunity, AC +8
a: Curse Item, Scrying, Renounce Religion, Evoke Blink, Evoke Flight


You were on level 11 of the Dungeon.
You worshipped Ashenzari.
Ashenzari was pleased with you.
You were not hungry.

You visited 2 branches of the dungeon, and saw 12 of its levels.
You also visited: Ossuary.

You collected 1545 gold pieces.

Inventory:

Hand Weapons
 i - the +8 arbalest of Foul Odors {flame, rElec Dex+2}
   (You found it on level 7 of the Dungeon)

   It causes projectiles fired from it to burn those they strike, causing extra
   injury to most foes and up to half again as much damage against particularly
   susceptible opponents.
   It affects your dexterity (+2).
   It insulates you from electricity.
 x - the +10 mace "Uwnoiv" {holy, Str+5}
   (You took it off an orc warrior on level 10 of the Dungeon)

   It has been blessed by the Shining One to cause great damage to the undead
   and demons.
   It affects your strength (+5).
 K - the cursed +5 trident of Rapeama (weapon) {vorpal, +Blink rElec Dex+6}
   (You found it on level 7 of the Dungeon)

   It inflicts extra damage upon your enemies.
   It affects your dexterity (+6).
   It insulates you from electricity.
   It lets you blink.
   It has a curse placed upon it.
 Q - a +1 trident of freezing
Missiles
 b - 216 stones
 w - 51 bolts
 N - 3 curare-tipped darts (quivered)
 O - 5 poisoned darts
Armour
 s - a +0 hat of magic resistance (worn)
 v - a +0 pair of gloves (worn)
 B - a +1 cloak (worn)
 C - a +2 robe of positive energy
 G - a +1 troll leather armour (worn)
 J - a +0 pair of boots (worn)
Jewellery
 a - an uncursed ring of ice
 o - an uncursed ring of ice
 D - a ring of flight (left hand)
 F - an amulet of magic regeneration (around neck)
Wands
 y - a wand of acid (4)
 M - a wand of disintegration (14)
Scrolls
 q - 4 scrolls of immolation
 u - a scroll of enchant weapon
 I - a scroll of enchant armour
Potions
 c - 6 potions of mutation
 e - 2 potions of ambrosia
 f - a potion of berserk rage {unknown}
 g - 3 potions of resistance
 h - 2 potions of invisibility
 j - 4 potions of heal wounds
 k - 2 potions of might
 l - 6 potions of flight
 m - 3 potions of lignification
 n - 2 potions of brilliance
 p - 3 potions of curing
 r - a potion of haste
 t - 2 potions of magic
 z - a potion of experience {unknown}
 A - a potion of stabbing {unknown}
 H - 2 potions of cancellation {unknown}
Comestibles
 d - 10 rations
 E - 11 chunks of flesh


   Skills:
 - Level 10.0 Fighting
 * Level 9.5(11.7) Polearms
 - Level 1.5 Dodging
 - Level 2.1 Stealth
 - Level 7.0 Spellcasting
 - Level 2.1 Conjurations
 - Level 1.1 Summonings
 - Level 2.0 Necromancy
 - Level 2.0 Translocations
 - Level 2.1 Transmutations
 - Level 10.0 Earth Magic
 - Level 5.0 Evocations


You had 7 spell levels left.
You knew the following spells:

 Your Spells              Type           Power        Failure   Level  Hunger
a - Sandblast             Erth           #####.       1%          1    None
b - Passwall              Tmut/Erth      ####....     1%          2    None
c - Stone Arrow           Conj/Erth      ####..       2%          3    #......
d - Lee's Rapid Deconstr  Erth           #####.....   4%          5    #####..
e - Petrify               Tmut/Erth      ####....     10%         4    ###....
f - Summon Butterflies    Summ           ##......     7%          1    None
g - Animate Skeleton      Necr           N/A          4%          1    None
h - Apportation           Tloc           ###...       4%          1    None

Your spell library contained the following spells:

 Spells                   Type           Power        Failure   Level  Hunger
 Summon Small Mammal      Summ           ##..         7%          1    None
 Foxfire                  Conj/Fire      ##..         8%          1    None
 Corona                   Hex            #......      11%         1    None
 Conjure Flame            Conj/Fire      ##......     22%         3    #......
 Inner Flame              Hex/Fire       #.......     32%         3    #......
 Bolt of Magma            Conj/Fire/Erth ###.......   52%         5    #####..
 Sticky Flame             Conj/Fire      ##......     58%         4    ###....
 Summon Ice Beast         Ice/Summ       #.......     65%         4    ###....
 Fireball                 Conj/Fire      ##........   90%         5    #####..
 Statue Form              Tmut/Erth      Unusable     N/A         6    N/A

Dungeon Overview and Level Annotations

Branches:
Dungeon (11/15)            Temple (1/1) D:5            Lair (0/6) D:10
Ossuary (visited)
    Orc: D:9-12

Altars:
Ashenzari
Cheibriados
Dithmenos
Elyvilon
Fedhas
Gozag
Hepliaklqana
Kikubaaqudgha
Makhleb
Nemelex Xobeh
Okawaru
Qazlal
Ru
Sif Muna
Trog
Uskayaw
Vehumet
Wu Jian
Xom
Yredelemnul
Zin
The Shining One


Innate Abilities, Weirdness & Mutations

You are resistant to torment.
Your stone body is resilient. (AC +8)
You are immune to poison.
You resist negative energy. (rN+)
You are resistant to electric shocks. (rElec)
You can survive without breathing.
You are immune to petrification.
You are immune to rotting.


Message History

Your Evocations skill increases to level 5!
You have reached level 12!
Your experience leads to an increase in your attributes!
Your base attributes are Str 11, Int 20, Dex 10.
Increase (S)trength, (I)ntelligence, or (D)exterity?
You feel clever.
You feel stronger.
The blast of rock fragments hits the centaur!
You kill the centaur!
The blast of rock fragments hits the centaur!!
You kill the centaur!
You hear a horrible gurgling sound!
The centaur shoots an arrow.
The arrow hits you.
* * * LOW HITPOINT WARNING * * *
The wraith hits you.
* * * LOW HITPOINT WARNING * * *
The wraith drains your vigour!
You feel as though you will be slow longer.
The centaur shoots an arrow.
The arrow hits you but does no damage.
The orc knight shoots a bolt.
The bolt hits you!!
You die...

###..# #.# * * * .....#
##.######## , * ..##.#
#(...<)(((# ** ..##.#
#..######.# , , ..##.#
#..# #(# * ..##.###
#..# #(# *
.......#####..# #(# * *
......[.......######.##
# * ,
#####.#........W@)))o.#
.# #
##.#####.#######c(##.##
# ### #.# #((#...### #
#.# *** #[c(.....# #*
** ** #.#
#..........#.# # , , ,
... ............... #*,
* #.# ###c#####.##### #
..o, ,.. * #* , , #c..
.#. ,


You could see an orc knight, a wraith and a centaur.

Vanquished Creatures
  Gastronok (D:9)
  A centaur warrior (D:11)
  2 two-headed ogres
  A manticore (D:11)
  A cyclops (D:9)
  Psyche (D:9)
  2 gargoyles
  A yaktaur (D:11)
  A troll (D:8)
  2 hippogriffs
  Sigmund (D:4)
  A wyvern (D:9)
  A yak (D:10)
  2 wraiths (D:11)
  A basilisk (D:10)
  2 acid dragons (D:11)
  3 orc warriors
  2 sky beasts
  12 ogres
  2 ice beasts
  A black bear (D:8)
  A necrophage (D:4)
  5 phantoms
  13 centaurs
  A crocodile (D:10)
  4 big kobolds
  2 bullfrogs
  2 scorpions
  11 killer bees
  3 howler monkeys
  3 crimson imps
  A bullfrog zombie (D:10)
  11 hounds
  2 jellies (D:10)
  A gnoll shaman (D:6)
  3 centaur zombies
  A human zombie (Ossuary)
  4 orc priests
  4 bullfrog skeletons
  6 orc wizards
  2 iguanas (D:8)
  5 worker ants
  3 big kobold zombies (Ossuary)
  A hound zombie (D:5)
  A hound skeleton (D:3)
  4 mummies
  3 worker ant zombies
  5 gnolls (D:6)
  9 adders
  3 shadow imps
  An ooze (D:2)
  An adder zombie (D:6)
  2 worms (D:2)
  3 dart slugs
  6 leopard geckos
  22 orcs
  10 bats
  5 giant cockroaches
  3 gnoll zombies (Ossuary)
  9 goblins
  4 hobgoblins
  2 jackals (D:1)
  27 kobolds
  7 quokkas
  A ball python (D:2)
  4 frilled lizards
  A goblin zombie (D:7)
  A hobgoblin zombie (D:7)
  3 rats
267 creatures vanquished.

Vanquished Creatures (others)
  2 plants (D:11)
2 creatures vanquished.

Grand Total: 269 creatures vanquished

Notes
Turn   | Place    | Note
-------+----------+-------------------------------------------
     0 | D:1      | Kohma the Gargoyle Earth Elementalist began the quest for
                  | the Orb.
     0 | D:1      | Reached XP level 1. HP: 10/10 MP: 3/3
   459 | D:1      | Reached XP level 2. HP: 15/15 MP: 1/5
   930 | D:1      | Reached XP level 3. HP: 10/19 MP: 2/6
  1399 | D:2      | Reached skill level 5 in Earth Magic
  1497 | D:2      | Reached XP level 4. HP: 22/24 MP: 6/8
  2032 | D:2      | Learned a level 2 spell: Passwall
  2036 | D:2      | Learned a level 3 spell: Stone Arrow
  3209 | D:4      | Found a basalt altar of Yredelemnul.
  3232 | D:4      | Noticed Sigmund
  3450 | D:4      | Killed Sigmund
  3450 | D:4      | Reached skill level 1 in Conjurations
  3450 | D:4      | Reached skill level 1 in Transmutations
  3450 | D:4      | Reached XP level 5. HP: 16/28 MP: 0/10
  3450 | D:4      | Reached XP level 6. HP: 18/32 MP: 0/11
  3624 | D:4      | Found a bloodstained altar of Trog.
  3644 | D:4      | Noticed a necrophage
  3664 | D:4      | Killed a necrophage
  3664 | D:4      | Reached XP level 7. HP: 3/36 MP: 0/12
  4143 | D:5      | Entered Level 5 of the Dungeon
  4147 | D:5      | Found a staircase to the Ecumenical Temple.
  4161 | Temple   | Entered the Ecumenical Temple
  4343 | Temple   | Became a worshipper of Ashenzari the Shackled
  5087 | D:5      | Reached XP level 8. HP: 38/41 MP: 8/14
  5300 | D:5      | Learned a level 5 spell: Lee's Rapid Deconstruction
  5305 | D:5      | Learned a level 4 spell: Petrify
  5345 | D:6      | Found a glowing golden altar of the Shining One.
  5434 | D:6      | Reached skill level 1 in Fighting
  5702 | D:6      | Reached skill level 5 in Spellcasting
  5940 | D:6      | Reached * piety under Ashenzari
  6014 | D:6      | Reached skill level 10 in Earth Magic
  6298 | D:6      | Identified the Almanac of Dusty Summoning
  6336 | D:6      | Found a shimmering altar of Xom.
  6636 | D:6      | Reached skill level 5 in Fighting
  6636 | D:6      | Reached XP level 9. HP: 54/54 MP: 2/16
  6674 | D:6      | Found a shimmering blue altar of Sif Muna.
  6913 | D:7      | Found a sand-covered staircase.
  6973 | Ossuary  | Entered an ossuary
  7614 | Ossuary  | Learned a level 1 spell: Summon Butterflies
  7680 | D:7      | Found a stormy altar of Qazlal.
  7814 | D:7      | Reached skill level 1 in Summonings
  7832 | D:7      | Identified the +5 trident of Rapeama {vorpal, +Blink rElec
                  | Dex+6}
  7902 | D:7      | Reached skill level 1 in Polearms
  8000 | D:7      | Identified the +8 arbalest of Foul Odors {flame, rElec
                  | Dex+2}
  8614 | D:8      | Found a snail-covered altar of Cheibriados.
  8723 | D:8      | Reached XP level 10. HP: 64/64 MP: 2/19
  8883 | D:8      | Found a radiant altar of Vehumet.
  8884 | D:8      | Found a sparkling altar of Nemelex Xobeh.
  9068 | D:8      | Found an ancient bone altar of Kikubaaqudgha.
  9547 | D:9      | Noticed Psyche
  9552 | D:9      | Paralysed by Psyche for 3 turns
  9565 | D:9      | Killed Psyche
  9571 | D:9      | Learned a level 1 spell: Animate Skeleton
  9573 | D:9      | Learned a level 1 spell: Apportation
  9721 | D:9      | Noticed a two-headed ogre
  9727 | D:9      | Killed a two-headed ogre
  9727 | D:9      | Reached skill level 5 in Polearms
  9727 | D:9      | Reached skill level 1 in Necromancy
  9727 | D:9      | Reached skill level 1 in Translocations
  9776 | D:9      | Noticed a cyclops
 10120 | D:9      | Killed a cyclops
 10200 | D:9      | Noticed Gastronok
 10214 | D:9      | Killed Gastronok
 10214 | D:9      | Reached XP level 11. HP: 48/72 MP: 1/21
 10425 | D:10     | Entered Level 10 of the Dungeon
 10652 | D:10     | Reached skill level 10 in Fighting
 10793 | D:10     | Found a staircase to the Lair.
 10815 | D:10     | Identified the +10 mace "Uwnoiv" {holy, Str+5}
 10916 | D:10     | Identified a scroll of acquirement
 10916 | D:10     | Identified Sif Muna's Guide on Supportive Ice (You acquired
                  | it on level 10 of the Dungeon)
 10916 | D:10     | Identified the cursed +1 chain mail "Teuntu" {Regen+} (You
                  | acquired it on level 10 of the Dungeon)
 11022 | D:10     | Reached ** piety under Ashenzari
 11848 | D:11     | Found a sacrificial altar of Ru.
 11956 | D:11     | Noticed a manticore
 11969 | D:11     | Killed a manticore
 12041 | D:11     | Noticed a rakshasa
 12041 | D:11     | Noticed a death knight
 12042 | D:11     | Noticed an orc knight
 12050 | D:11     | Noticed a manticore
 12051 | D:11     | Noticed a white ugly thing
 12051 | D:11     | Noticed a green ugly thing
 12067 | D:11     | HP: 3/72 [orc warrior/+0 glaive (21)]
 12378 | D:11     | Noticed a two-headed ogre
 12397 | D:11     | Killed a two-headed ogre
 12447 | D:11     | Noticed a centaur warrior
 12471 | D:11     | Killed a centaur warrior
 12471 | D:11     | Reached skill level 5 in Evocations
 12471 | D:11     | Reached XP level 12. HP: 15/77 MP: 2/22
 12471 | D:11     | Shot with a bolt by an orc knight

Levels and vault maps discovered:
D:1:      psy_arrival_radial02, layout_loops_ring
D:2:      layout_basic, kennysheep_generic_room_10
D:3:      layout_rooms, first_ration, serial_corexii_hall,
          corexii_hall_statues_t, chequers_hall_statues_y,
          minmay_misc_feat_nine_boxes
D:4:      layout_basic, bloody_trog, old_standard_altar, uniq_sigmund
D:5:      layout_loops_cross, minmay_temple_entry_sparse_star
D:6:      layout_loops_ring, tso_oasis_becter, hangedman_feature_mirror,
          serial_bayou_pond_d
D:7:      lemuel_ice_spiral_2, layout_rooms, nicolae_ossuary_entry_giza,
          grunt_qazlal_clouds
D:8:      layout_rooms, kennysheep_mini, kennysheep_little_box,
          gammafunk_temple_overflow_statue
D:9:      layout_basic, uniq_psyche, uniq_gastronok
D:10:     layout_stronghold, david_lair_generic
D:11:     minmay_the_grid_square_5x5_5x5 [minmay_the_grid_square_5x5_plus,
          minmay_the_grid_square_5x5_minibox,
          minmay_the_grid_square_5x5_six_small,
          minmay_the_grid_square_5x5_misaligned,
          minmay_the_grid_square_5x5_checkered_sparse,
          minmay_the_grid_square_5x5_almost_minimal,
          minmay_the_grid_square_5x5_prize_deathbox,
          minmay_the_grid_square_5x5_tetrominoes,
          minmay_the_grid_square_5x5_prize_pseudospiral,
          minmay_the_grid_square_5x5_one_wall,
          minmay_the_grid_square_5x5_two_walls_b,
          minmay_the_grid_square_5x5_detours,
          minmay_the_grid_square_5x5_prize_junk,
          minmay_the_grid_square_5x5_inner_i,
          minmay_the_grid_square_5x5_dogpile, minmay_the_grid_square_5x5_empty,
          minmay_the_grid_square_5x5_prize_waves,
          minmay_the_grid_square_5x5_comb,
          minmay_the_grid_square_5x5_prize_itemx,
          minmay_the_grid_square_5x5_tri_point,
          minmay_the_grid_square_5x5_intrusive_squares,
          minmay_the_grid_square_5x5_spiral_small,
          minmay_the_grid_square_5x5_lines, minmay_the_grid_square_5x5_tie,
          minmay_the_grid_square_5x5_moneybag], layout_loops_ring,
          blue_anna_alchemist [blue_anna_fruit_fields, blue_anna_fruit_fields],
          hangedman_ru_absence
Temple:   regret_index_temple_generic_petals

Skill      XL: |  1  2  3  4  5  6  7  8  9 10 11 |
---------------+----------------------------------+-----
Earth Magic    | 4 5 6 7 8 10 | 10.0
Spellcasting   | 3 4 5 6 7 |  7.0
Conjurations   | 1 2 |  2.1
Transmutations | 1 2 |  2.1
Fighting       | 5 8 9 10 | 10.0
Summonings     | 1 |  1.1
Polearms       | 3 6 9 |  9.5
Necromancy     | 1 2 |  2.0
Translocations | 2 |  2.0
Evocations     | 2 5 |  5.0
Dodging        | |  1.5
Stealth        | |  2.1

Action                   |  1- 3 |  4- 6 |  7- 9 | 10-12 || total
-------------------------+-------+-------+-------+-------++-------
Melee: Unarmed           |    34 |       |       |       ||    34
       Dagger            |    28 |    56 |       |       ||    84
       Rapier            |       |    14 |   243 |    52 ||   309
       Trident           |       |       |       |   146 ||   146
 Cast: Sandblast         |    32 |    33 |    37 |     2 ||   104
       Stone Arrow       |       |     6 |   115 |   103 ||   224
       Lee's Rapid Decon |       |       |     7 |    17 ||    24
Invok: Curse Item        |       |       |       |     1 ||     1
 Abil: Evoke Blink       |       |       |       |     2 ||     2
  Use: Scroll            |       |       |    20 |    10 ||    30
       Potion            |       |       |       |     3 ||     3
 Stab: Sleeping          |     1 |     1 |     7 |     3 ||    12
       Invisible         |       |       |       |     1 ||     1
  Eat: Chunk             |     2 |     4 |    16 |    13 ||    35
       Ration            |       |     1 |     2 |     2 ||     5
Armor: Robe              |    25 |    26 |   133 |    48 ||   232
       Troll leather arm |       |       |       |   105 ||   105
Dodge: Dodged            |    66 |    51 |   163 |   201 ||   481

Table legend:
 A = Non-vault XP
 B = Vault XP
 C = Vault XP percentage of total XP
 D = Non-vault monster count
 E = Vault monster count
 F = Vault count percentage of total count
                 A         B        C        D         E       F
            +---------+---------+-------+---------+---------+-------
      Total |   11574 |    7640 |  39.8 |     229 |      38 |  14.2
            +---------+---------+-------+---------+---------+-------
        D:1 |      45 |       0 |   0.0 |      23 |       0 |   0.0
        D:2 |      86 |       1 |   1.1 |      25 |       1 |   3.8
        D:3 |      31 |       0 |   0.0 |       8 |       0 |   0.0
        D:4 |     300 |     223 |  42.6 |       3 |       1 |  25.0
        D:5 |     595 |       0 |   0.0 |      16 |       0 |   0.0
        D:6 |    1010 |      64 |   6.0 |      26 |       2 |   7.1
        D:7 |    1106 |      20 |   1.8 |      19 |       3 |  13.6
        D:8 |    1635 |       0 |   0.0 |      44 |       0 |   0.0
        D:9 |    2908 |    2609 |  47.3 |      29 |       2 |   6.5
       D:10 |    1472 |     756 |  33.9 |      20 |       4 |  16.7
       D:11 |    2386 |    3747 |  61.1 |      16 |      14 |  46.7
    Ossuary |       0 |     220 | 100.0 |       0 |      11 | 100.0
            +---------+---------+-------+---------+---------+-------
